Map: 아이스 앤 크롬 - 래더

Players

Stats - Winner!

  • Race: Protoss Protoss
  • League: Grandmaster
  • Spawn Location: 7:00

Solar

  • Race: Zerg Zerg
  • League: Grandmaster
  • Spawn Location: 1:00

VOD

Have the link to the VOD?

Description

Time

  • Played on: Sept. 22, 2020, 8:30 a.m.
  • Length: 11:22
Show
View Real Time Build Order
Export as new Build Order

Stats Protoss - Winner!

Build Orders: 1 Gate Expand, Oracle Opening 

Get SALT Encoding   

  12  0:00  Probe  
  13  0:14  Pylon  
  13  0:17  Probe (Chrono Boost)  
  14  0:26  Probe (Chrono Boost)  
  15  0:31  Probe  
  16  0:42  Gateway  
  16  0:43  Probe  
  16  0:49  Assimilator  
  17  0:55  Probe  
  18  1:08  Probe  
  19  1:22  Probe  
  20  1:27  Nexus  
  20  1:36  Cybernetics Core  
  20  1:38  Probe  
  21  1:42  Assimilator  
  21  1:50  Probe  
  22  1:54  Pylon  
  22  2:02  Probe  
  23  2:10  Adept (Chrono Boost)  
  23  2:11  Probe  
  23  2:12  Warp Gate  
  26  2:19  Probe  
  26  2:27  Stargate  
  27  2:30  Probe (Chrono Boost)  
  27  2:33  Adept  
  30  2:39  Probe (Chrono Boost)  
  32  2:47  Probe (Chrono Boost)  
  32  2:48  Probe (Chrono Boost)  
  33  2:53  Probe (Chrono Boost)  
  33  2:55  Probe  
  35  3:02  Stalker  
  35  3:05  Probe  
  38  3:06  Gateway  
  38  3:07  Probe  
  38  3:10  Oracle (Chrono Boost)  
  39  3:18  Probe  
  39  3:19  Probe  
  44  3:24  Pylon  
  44  3:26  Pylon  
  44  3:30  Probe  
  44  3:31  Probe  
  46  3:39  Oracle (Chrono Boost)  
  46  3:42  Probe  
  46  3:43  Probe  
  46  3:47  Assimilator  
  46  3:48  Assimilator  
  51  3:49  Pylon  
  51  3:54  Probe  
  52  3:55  Probe  
  52  4:01  Adept x2  
  57  4:06  Pylon  
  57  4:07  Probe  
  57  4:08  Probe  
  59  4:19  Probe  
  59  4:20  Probe  
  61  4:30  Robotics Facility  
  61  4:32  Nexus, Probe x2  
  61  4:34  Pylon  
  63  4:48  Probe x2  
  65  4:53  Sentry  
  65  4:54  Sentry  
  65  4:57  Forge, Twilight Council  
  69  5:02  Probe x2  
  69  5:06  Gateway x2  
  71  5:09  Gateway  
  71  5:16  Probe x2  
  71  5:20  Observer (Chrono Boost)  
  74  5:22  Protoss Ground Weapons Level 1  
  74  5:24  Shield Battery, Blink  
  74  5:28  Probe x2  
  76  5:40  Sentry x2, Probe x2  
  82  5:43  Immortal (Chrono Boost)  
  82  5:45  Probe  
  87  5:52  Probe x2  
  87  5:54  Gateway  
  89  5:57  Pylon  
  89  5:58  Pylon, Probe  
  89  6:02  Pylon  
  89  6:03  Assimilator  
  90  6:04  Probe x2  
  90  6:08  Assimilator  
  92  6:12  Warp Prism (Chrono Boost)  
  92  6:17  Probe x2  
  92  6:18  Probe  
  97  6:26  Pylon  
  97  6:27  Pylon  
  97  6:28  Stalker x3  
  97  6:30  Stalker  
  104  6:37  Stalker  
  106  6:40  Photon Cannon  
  106  6:45  Robotics Bay  
  106  6:47  Robotics Facility  
  106  6:49  Pylon  
  106  6:54  Stalker x2  
  106  6:55  Stalker x2  
  106  6:58  Probe  
  106  6:59  Probe x2  
  116  7:02  Stalker  
  116  7:05  Stalker  
  119  7:11  Immortal (Chrono Boost)  
  123  7:15  Pylon  
  123  7:18  Pylon  
  123  7:26  Protoss Ground Weapons Level 2  
  123  7:27  Pylon  
  123  7:28  Pylon  
  123  7:35  Disruptor (Chrono Boost)  
  123  7:36  Charge  
  120  7:40  Pylon  
  123  7:46  Disruptor (Chrono Boost)  
  123  7:50  Photon Cannon  
  126  7:52  Photon Cannon  
  126  8:02  Pylon  
  126  8:03  Disruptor (Chrono Boost)  
  126  8:04  Nexus  
  129  8:08  Pylon  
  129  8:14  Disruptor (Chrono Boost)  
  132  8:23  Probe x3  
  132  8:26  Photon Cannon, Shield Battery  
  135  8:29  Gateway  
  135  8:31  Gateway  
  136  8:35  Probe x3  
  139  8:47  Stalker, Probe x3  
  139  8:48  Stalker x5  
  152  8:51  Observer  
  152  9:10  Disruptor  
  152  9:11  Disruptor  
  152  9:12  Stalker x5  
  152  9:13  Stalker  
  152  9:14  Shield Battery  
  170  9:18  Photon Cannon  
  164  9:45  Disruptor (Chrono Boost)  
  164  9:47  Disruptor (Chrono Boost)  
  164  9:48  Zealot x8  
  168  10:07  Assimilator  
  168  10:09  Assimilator  
  168  10:10  Zealot x8  
  184  10:15  Disruptor (Chrono Boost)  
  184  10:16  Disruptor (Chrono Boost)  
  144  10:38  Stalker x8  
  150  10:52  Observer, Probe x4  
  152  11:01  Nexus  
  152  11:03  Stalker x4  
  152  11:04  Stalker x2  
  160  11:06  Stalker  
  160  11:07  Stalker  
Show
View Real Time Build Order
Export as new Build Order

Solar Zerg 

Build Orders: Hatch First, Lurkers, Roach Hydra 

Get SALT Encoding   

  12  0:00  Drone  
  13  0:12  Overlord  
  13  0:16  Drone  
  14  0:31  Drone  
  15  0:45  Hatchery  
  15  0:47  Drone  
  15  0:51  Drone  
  15  0:54  Drone  
  17  0:59  Drone  
  18  1:08  Extractor  
  17  1:15  Spawning Pool  
  17  1:18  Drone  
  17  1:21  Drone  
  18  1:30  Drone  
  19  1:41  Drone  
  20  1:58  Drone  
  20  1:59  Overlord  
  21  2:01  Queen  
  21  2:02  Queen  
  21  2:03  Zergling x2  
  26  2:09  Zergling x2  
  26  2:10  Metabolic Boost  
  26  2:14  Drone  
  28  2:21  Drone  
  29  2:24  Drone  
  30  2:35  Hatchery  
  29  2:38  Drone  
  29  2:40  Drone  
  31  2:46  Queen  
  31  2:50  Overlord  
  33  2:53  Drone  
  33  2:57  Drone x2  
  36  3:10  Drone x2  
  36  3:12  Drone x4  
  42  3:20  Overlord  
  42  3:23  Drone  
  43  3:31  Drone, Spore Crawler  
  43  3:35  Drone  
  44  3:46  Drone x6  
  50  3:48  Queen  
  50  3:52  Drone  
  50  3:54  Queen  
  55  3:57  Overlord  
  55  3:58  Zergling x4  
  57  4:05  Spore Crawler  
  57  4:08  Zergling x4  
  57  4:10  Zergling x2  
  58  4:17  Zergling x2  
  58  4:18  Drone x5  
  58  4:22  Drone  
  58  4:23  Overlord  
  64  4:25  Zergling x2  
  64  4:30  Overlord  
  65  4:33  Lair  
  65  4:34  Roach Warren, Overlord, Extractor  
  65  4:35  Extractor  
  65  4:36  Drone  
  63  4:40  Drone, Spore Crawler  
  63  4:41  Drone  
  63  4:45  Drone x3  
  63  4:46  Drone  
  63  4:51  Drone  
  64  4:54  Drone  
  64  4:56  Drone  
  64  4:57  Drone x2  
  64  4:58  Drone  
  68  5:03  Drone x3  
  68  5:04  Drone  
  68  5:06  Drone  
  68  5:07  Overlord  
  73  5:15  Drone  
  73  5:16  Drone  
  73  5:17  Drone  
  73  5:20  Extractor x2  
  74  5:21  Evolution Chamber  
  74  5:22  Drone x3  
  74  5:27  Drone x2  
  78  5:30  Drone, Glial Reconstitution  
  78  5:32  Drone x2, Extractor  
  78  5:33  Overseer  
  78  5:34  Drone  
  80  5:38  Drone x3, Overlord  
  83  5:45  Overlord  
  83  5:47  Drone  
  84  5:51  Overseer, Zerg Missile Weapons Level 1  
  84  5:52  Overlord  
  84  5:53  Hatchery  
  84  5:56  Roach x2  
  87  5:59  Roach x2  
  87  6:02  Drone  
  87  6:04  Overlord  
  92  6:07  Roach  
  92  6:08  Infestation Pit  
  92  6:09  Drone  
  93  6:14  Drone x2  
  93  6:15  Drone x3  
  93  6:16  Drone x2  
  99  6:19  Drone x2  
  99  6:23  Roach x2  
  99  6:24  Roach  
  107  6:26  Overlord  
  107  6:29  Roach  
  107  6:31  Ravager x3  
  107  6:32  Ravager x2  
  114  6:34  Zergling x2  
  114  6:37  Zergling x6  
  114  6:39  Overlord  
  118  6:42  Roach x2  
  118  6:44  Overlord  
  122  6:48  Ravager x2, Roach  
  122  6:49  Roach, Overlord  
  127  6:58  Ravager, Roach  
  127  6:59  Roach  
  127  7:00  Overlord  
  132  7:04  Ravager x2  
  132  7:05  Roach x2  
  132  7:06  Queen  
  132  7:07  Zergling x8  
  142  7:10  Hydralisk Den, Zergling x2  
  142  7:11  Zergling x2  
  142  7:15  Extractor  
  141  7:16  Extractor  
  141  7:18  Hive, Drone  
  141  7:19  Drone x2  
  141  7:21  Drone  
  141  7:22  Drone  
  143  7:25  Overlord  
  143  7:26  Drone  
  140  7:30  Drone x3  
  140  7:31  Drone, Spore Crawler  
  140  7:32  Drone  
  140  7:36  Drone x3  
  147  7:39  Drone  
  147  7:40  Drone x3  
  151  7:47  Drone, Hydralisk x3  
  151  7:48  Lurker Den  
  157  7:51  Drone  
  157  7:57  Zerg Missile Weapons Level 2  
  157  8:01  Hatchery  
  157  8:03  Pneumatized Carapace  
  157  8:04  Overlord  
  156  8:05  Overseer  
  156  8:10  Hydralisk x3  
  156  8:11  Hydralisk  
  164  8:14  Overlord  
  164  8:18  Overlord  
  164  8:23  Drone x3  
  164  8:26  Hydralisk  
  164  8:27  Hydralisk x2  
  167  8:32  Roach, Extractor  
  167  8:33  Roach  
  176  8:34  Overlord  
  176  8:35  Extractor  
  176  8:38  Overlord  
  176  8:40  Viper x3  
  184  8:42  Grooved Spines  
  184  8:45  Roach x2  
  184  8:48  Hydralisk x2  
  191  8:52  Overlord  
  191  8:53  Hydralisk x2  
  191  8:54  Roach  
  197  9:00  Hydralisk  
  199  9:09  Zergling x2  
  199  9:13  Zergling x2  
  199  9:15  Seismic Spines  
  198  9:21  Spine Crawler  
  198  9:22  Spine Crawler  
  192  9:25  Lurker x2  
  192  9:27  Zergling x6  
  192  9:28  Zergling x4  
  199  9:37  Spine Crawler  
  173  9:38  Hydralisk x4  
  173  9:39  Zergling x6, Hydralisk x2  
  179  9:46  Roach  
  179  9:48  Zergling x10  
  179  9:49  Hydralisk x2  
  185  9:53  Hydralisk x3  
  185  9:54  Muscular Augments  
  185  9:58  Hydralisk x2  
  180  10:01  Lurker  
  180  10:02  Lurker  
  180  10:05  Zergling x12, Lurker  
  180  10:06  Zergling x12  
  195  10:11  Evolution Chamber  
  195  10:12  Adaptive Talons, Lurker x2  
  196  10:18  Roach x5  
  196  10:19  Queen  
  193  10:23  Roach x3  
  193  10:26  Roach  
  169  10:34  Roach x5  
  154  10:36  Roach  
  154  10:38  Roach  
  154  10:40  Roach  
  154  10:41  Hydralisk  
  138  10:44  Zergling x2  
  138  10:45  Hydralisk  
  138  10:49  Hydralisk  
  124  10:51  Zergling x2  
  124  10:54  Hydralisk  
  119  10:58  Hydralisk  
Tags
 
Add a new tag
Caveats
  • Supply blocks, unpowered buildings, or Contaminate may cause inaccurate times.
  • Supply counts are checked every 10 seconds.